 Dungeon Crawl Stone Soup version 0.29-a0-266-gf56f883ddd (webtiles) character file.

Game seed: 7327002303152410713

506 frimble the Skirmisher (level 7, -2/54 HPs)
             Began as a Djinni Cinder Acolyte on Mar 7, 2022.
             Was a Priest of Ignis.
             Slain by Pikel
             ... wielding a +1 whip of freezing
              (3 damage)
             ... on level 3 of the Dungeon.
             The game lasted 00:06:30 (4860 turns).

frimble the Skirmisher (Djinni Cinder Acolyte)      Turns: 4860, Time: 00:06:31

Health: -2/54      AC: 13    Str: 13    XL:     7   Next: 41%
Gold:   166        EV: 11    Int: 15    God:    Ignis [***...] SH:  0 Dex: 11

rFire   + + .      SeeInvis .   c - +1 short sword (flame)
rCold   . . .      Faith    .   (no shield)
rNeg    . . .      Spirit   .   a - +0 robe
rPois   ∞          Reflect  .   e - +0 helmet
rElec   .          Harm     .   b - +0 cloak
rCorr   .          Rampage  .   d - +1 pair of gloves
Will    .....                   (boots unavailable)
Stlth   +.........              (no amulet)
HPRegen 0.18/turn               p - ring of ice
MPRegen 0.00/turn               (no ring)

@: fiery-armoured, flying, very slightly contaminated
A: sickness immunity, fire resistance 2, cold vulnerability 1, float, innate
caster, HP casting, extra vitality 1
a: Renounce Religion, Fiery Armour, Foxfire Swarm, Rising Flame


You were on level 3 of the Dungeon.
You worshipped Ignis.
Ignis was most pleased with you.
You visited 1 branch of the dungeon, and saw 5 of its levels.

You collected 166 gold pieces.

Inventory:

Hand Weapons
 c - a +1 short sword of flaming (weapon)
Missiles
 l - a throwing net
Armour
 a - a +0 robe (worn)
 b - a +0 cloak (worn)
 d - a +1 pair of gloves (worn)
 e - a +0 helmet (worn)
Jewellery
 p - a ring of ice (left hand)
Scrolls
 i - 2 scrolls of identify
 j - 3 scrolls of teleportation


   Skills:
 + Level 5.1 Fighting
 + Level 3.5 Short Blades
 - Level 3.1 Unarmed Combat
 + Level 4.0 Spellcasting


You had 6 spell levels left.
You knew the following spells:

 Your Spells              Type           Power      Damage    Failure   Level
a - Scorch                Fire           30%        2d6       5%          2
b - Shock                 Conj/Air       60%        1d6       3%          1
c - Searing Ray           Conj           30%        2d5       5%          2
d - Vampiric Draining     Necr           15%        2d7       11%         3
Your spell library was empty.

Dungeon Overview and Level Annotations

Branches:
Dungeon (5/15)
 Temple: D:4-7

Altars:
Cheibriados

Annotations:
D:3 Pikel


Innate Abilities, Weirdness & Mutations

You are immune to sickness and miasma.
You are immune to poison.
Your flesh is very heat resistant. (rF++)
You are vulnerable to cold. (rC-)
You float through the air rather than walking.
You learn spells naturally, not from books.
Your magical power is your life essence.
You have superior vitality. (+4 MHP)


Message History

Pikel is severely wounded.
The foxfire hits Pikel but does no damage.
Pikel is severely wounded.
The foxfire hits Pikel but does no damage.
Pikel is severely wounded.
The foxfire hits Pikel.
Pikel is severely wounded.
The foxfire hits Pikel.
Pikel is severely wounded.
The foxfire hits Pikel but does no damage.
Pikel is severely wounded.
Pikel hits you with a +1 whip of freezing.
* * * LOW HITPOINT WARNING * * *
Pikel freezes you.
* * * LOW HITPOINT WARNING * * *
Pikel is burned by your cloak of flames.
Pikel is almost dead.
The foxfire hits Pikel but does no damage.
Pikel is almost dead.
The foxfire hits Pikel.
Pikel is almost dead.
Casting: Vampiric Draining (dangerous; 11% risk of failure)
Confirm with . or Enter, or press ? or * to list all spells.
Flames lash Pikel.
Pikel is almost dead.
Pikel's fire resistance burns away.
* * * LOW HITPOINT WARNING * * *
The foxfire hits Pikel but does no damage.
Pikel is almost dead.
Pikel hits you but does no damage.
Pikel is burned by your cloak of flames.
Pikel is almost dead.
Casting: Scorch (safe; 5% risk of failure)
Confirm with . or Enter, or press ? or * to list all spells.
You miscast Scorch.
You are very lightly contaminated with residual magic.
Nothing appears to happen.
* * * LOW HITPOINT WARNING * * *
Pikel hits you with a +1 whip of freezing.
You die...

#.# #..........# #. #.#
###.........# #. ##.#
#...........# #.
.#.###.#.#.#.#...# #.
.................# #.
.......#.#.#.#...# ##
.................##############
####...#.#.#.#................#
................@.............#
#......#.#.#.#.K..............###
#####...........................#
#.####....................#..
#.#####..#####........######.
#####.#......#............# #.
...<..#.###..#.#####......# #.
....###.# ##.#.#####......# #.
....# #.# #.#............# #.


You could see Pikel (combustible).

Vanquished Creatures
  An ogre (D:4)
  A lemure (D:4)
  A necrophage (D:3)
  A scorpion (D:4)
  A jelly (D:5)
  2 hounds
  Ijyb (D:3)
  An iguana (D:4)
  Terence (D:3)
  3 gnolls (D:2)
  3 adders
  A worm (D:2)
  A dart slug (D:2)
  2 orcs
  6 endoplasms
  4 giant cockroaches
  6 hobgoblins
  9 kobolds
  3 quokkas
  4 ball pythons
  7 bats
  4 frilled lizards
  6 goblins
  5 rats
74 creatures vanquished.

Vanquished Creatures (others)
  52 foxfires
52 creatures vanquished.

Grand Total: 126 creatures vanquished

Notes
Turn   | Place    | Note
-------+----------+-------------------------------------------
     0 | D:1      | frimble the Djinni Cinder Acolyte began the quest for the
                  | Orb.
     0 | D:1      | Reached XP level 1. HP: 20/20 MP: 0/0
   289 | D:1      | Reached XP level 2. HP: 25/25 MP: 0/0
  1237 | D:1      | Reached XP level 3. HP: 23/30 MP: 0/0
  1237 | D:1      | Learned a level 1 spell: Shock
  1804 | D:2      | Reached skill level 1 in Short Blades
  1908 | D:2      | Reached XP level 4. HP: 17/36 MP: 0/0
  2201 | D:2      | Identified the +1 spear of Awiwiuhe {drain, Will+ Int+3
                  | Dex+5}
  2263 | D:2      | Found a faded altar of an unknown god.
  2649 | D:2      | Reached XP level 5. HP: 31/41 MP: 0/0
  2649 | D:2      | Learned a level 2 spell: Searing Ray
  2886 | D:3      | Noticed Ijyb
  3054 | D:3      | Killed Ijyb
  3055 | D:3      | Reached skill level 4 in Fighting
  3643 | D:3      | You are sucked into a shaft and drop 1 floor!
  3648 | D:4      | Noticed a lemure
  3650 | D:4      | Noticed Pikel
  3650 | D:4      | Noticed a lemure
  3664 | D:4      | Noticed a lemure
  3664 | D:4      | Noticed a lemure
  3681 | D:4      | Found a snail-covered altar of Cheibriados.
  3694 | D:5      | Entered Level 5 of the Dungeon
  3821 | D:5      | Noticed an ogre
  3821 | D:5      | Noticed an orc warrior
  3830 | D:4      | Noticed an ogre
  3833 | D:4      | Reached XP level 6. HP: 13/48 MP: 0/0
  3836 | D:4      | Noticed Eustachio
  3845 | D:4      | Killed an ogre
  3865 | D:4      | Noticed Eustachio
  3865 | D:4      | Eustachio changed into Eustachio the naga
  3866 | D:4      | Noticed Eustachio
  3866 | D:4      | Eustachio the naga changed into Eustachio the hound
  3870 | D:4      | Killed Eustachio the hound
  3871 | D:4      | Reached XP level 7. HP: 12/53 MP: 0/0
  3871 | D:4      | Learned a level 3 spell: Vampiric Draining
  4262 | D:3      | Noticed Terence
  4278 | D:3      | Killed Terence
  4736 | D:3      | Reached skill level 5 in Fighting
  4860 | D:3      | Slain by Pikel

Illustrated notes

Levels and vault maps discovered:
D:1:      dpeg_arrival_pond, layout_loops_ring
D:2:      layout_rooms, hellmonk_ecumenical_altar_lost_god,
          minmay_increasing_density
D:3:      layout_basic, serial_co_window_serial, co_window_paths_b,
          co_window_paths_b, co_window_corner_a, co_window_paths_b,
          co_window_cross_1, co_window_paths_a, co_window_broadway_a,
          co_window_of_opportunity_b, co_window_cross_3, co_window_corner_ca,
          co_window_unsneaky_path_c, co_window_broadway_a, co_window_paths_e,
          glass_columns_a, glass_columns_c, glass_columns_a,
          chequers_serial_rivers_marsh, uniq_terence, uniq_ijyb
D:4:      layout_cave_pools, cheibriados_altar_1, palyth_stone_intersect,
          uniq_pikel, uniq_eustachio
D:5:      layout_basic, serial_curves, eino_curves_03, eino_curves_02,
          eino_curves_02, minmay_fractal_squares_5

Skill      XL: |  1  2  3  4  5  6  7 |
---------------+----------------------+-----
Short Blades   | 1 2 3 |  3.5
Spellcasting   | 3 4 |  4.0
Fighting       | 4 5 |  5.1
Unarmed Combat | |  3.1

Action                   |  1- 3 |  4- 6 |  7- 9 || total
-------------------------+-------+-------+-------++-------
Melee: Unarmed           |    15 |     7 |       ||    22
       Short sword       |   100 |    59 |     2 ||   161
       Punch             |     1 |     2 |       ||     3
 Cast: Scorch            |     8 |    24 |     4 ||    36
       Shock             |     4 |       |       ||     4
       Searing Ray       |       |     4 |     5 ||     9
       Vampiric Draining |       |       |     1 ||     1
Invok: Foxfire Swarm     |       |     2 |     1 ||     3
       Fiery Armour      |       |     1 |     1 ||     2
Evoke: Wand              |       |     2 |       ||     2
  Use: Potion            |     1 |     5 |     2 ||     8
       Scroll            |     4 |     3 |     1 ||     8
 Stab: Sleeping          |       |     1 |       ||     1
Armor: Robe              |    37 |    32 |     6 ||    75
       Skin              |       |    12 |       ||    12
Dodge: Dodged            |    73 |    71 |    15 ||   159

Table legend: (Time is in decaauts)
 A = Elapsed time spent in this place.
 B = Non-inter-level travel time spent in this place.
 C = Inter-level travel time spent in this place.
 D = Time resting spent in this place.
 E = Time spent auto-exploring this place.
 F = Levels seen in this place.
 G = Mean time per level.
                   A        B        C        D        E       F      G
               +--------+--------+--------+--------+--------+-----+--------+
         Total |   4851 |   4784 |     67 |    321 |   3736 |   5 |  970.2 |
       Dungeon |   4851 |   4784 |     67 |    321 |   3736 |   5 |  970.2 |
               +--------+--------+--------+--------+--------+-----+--------+

Top non-repeatable levels by time:
     D:1: 1972 daAuts
     D:3: 1596 daAuts
     D:2: 998 daAuts
     D:4: 149 daAuts
     D:5: 134 daAuts
